 Dungeon Crawl Stone Soup version 0.31-a0-489-g282fc92437 (webtiles) character file.

Game seed: 14095804672974482077

1820 Ethylacetat the Changeling (level 9, -4/93 HPs)
             Began as an Octopode Gladiator on Aug 8, 2023.
             Was an Initiate of Gozag.
             Engulfed by a cloud of flame (17 damage)
             ... on level 6 of the Dungeon.
             The game lasted 00:11:22 (5991 turns).

Ethylacetat the Changeling (Octopode Gladiator)     Turns: 5991, Time: 00:11:22

Health: -4/93      AC: 24    Str: 13    XL:     9   Next: 10%
Magic:  9/9        EV:  2    Int: 22    God:    Gozag
Gold:   633        SH:  0    Dex: 18    Spells: 6/8 levels left

rFire   . . .        y - +5 dagger
rCold   . . .        (no shield)
rNeg    . . .        b - melded +0 hat
rPois   +            n - amulet of the acrobat
rElec   .            e - ring of flight
rCorr   .            u - +6 ring of intelligence
SInv    .            h - +4 ring of slaying
Will    .....        a - +6 ring of intelligence
Stlth   ++           (no ring)
HPRegen 0.35/turn    (no ring)
MPRegen 0.11/turn    (no ring)
                     (no ring)

%: acrobat
@: mighty, tree-form (expiring), gold aura, acrobatic, hasted, very quick
A: stationary, stasis, torment immunity, boosted hp, almost no armour,
(amphibious), 8 rings, (camouflage 1), (gelatinous body 1), (nimble swimmer 1),
(tentacles)
a: Renounce Religion, Potion Petition, Call Merchant, Bribe Branch


You were on level 6 of the Dungeon.
You worshipped Gozag.
Gozag was pleased with you.
You were a tree.
You visited 2 branches of the dungeon, and saw 7 of its levels.
You also visited: Sewer.

You collected 691 gold pieces.
You paid 58 gold pieces to Gozag.

Inventory:

Hand Weapons
 j - a +2 vampiric dagger
 y - a +5 dagger (weapon)
Missiles
 c - 3 throwing nets (quivered)
 d - a javelin
Armour
 b - a +0 hat (melded)
Jewellery
 a - a +6 ring of intelligence (on tentacle)
 e - a ring of flight (left branch)
 h - a +4 ring of slaying (on tentacle)
 n - an amulet of the acrobat (around neck)
 u - a +6 ring of intelligence (right branch)
Scrolls
 g - 9 scrolls of identify
 k - 2 scrolls of immolation
 l - 3 scrolls of amnesia
 q - 2 scrolls of fog
 r - a scroll of silence {unknown}
 s - 2 scrolls of teleportation {unknown}
 v - a scroll of enchant armour {unknown}
 w - 2 scrolls of poison {unknown}
Potions
 i - 2 potions of attraction
 x - a potion of brilliance


   Skills:
 + Level 6.0 Fighting
 + Level 6.5 Short Blades
 - Level 2.0 Throwing
 - Level 3.0 Dodging
 * Level 6.6 Shapeshifting


You had 6 spell levels left.
You knew the following spells:

 Your Spells              Type           Power      Damage    Failure   Level
a - Wereblood             Tmut           0%         N/A       26%         2

Your spell library contained the following spells:

 Spells                   Type           Power      Damage    Failure   Level
 Freeze                   Ice            0%         1d3       17%         1
 Necrotise                Necr           0%         1d4       17%         1
 Dazzling Flash           Conj/Hex       0%         N/A       45%         3
 Frozen Ramparts          Ice            0%         1d1       45%         3
 Hailstorm                Conj/Ice       0%         3d3       45%         3
 Vampiric Draining        Necr           0%         2d6       45%         3
 Volatile Blastmotes      Fire/Tloc      0%         2d10      45%         3
 Agony                    Necr           0%         N/A       99%         5
 Freezing Cloud           Conj/Ice/Air   0%         6-21      99%         5
 Irradiate                Conj/Tmut      0%         3d11      99%         5
 Conjure Ball Lightning   Conj/Air       0%         3x3d6     100%        6
 Starburst                Conj/Fire      0%         6d3       100%        6
 Maxwell's Capacitive Co  Air            0%         ∞         100%        8
 Chain Lightning          Conj/Air       0%         N/A       100%        9


Dungeon Overview and Level Annotations

Branches:
Dungeon (6/15)             Temple (1/1) D:4           Sewer (visited)

Altars:
Ashenzari
Cheibriados
Dithmenos
Gozag
Hepliaklqana
Kikubaaqudgha
Makhleb
Nemelex Xobeh
Okawaru
Ru
Trog
Uskayaw
Vehumet
Wu Jian
Yredelemnul
The Shining One

Shops:
D:6 [


Innate Abilities, Weirdness & Mutations

You are a tree.
Your roots penetrate the ground, keeping you stationary.
You cannot be teleported.
You are immune to unholy pain and torment.
Your maximum health is greatly increased.
You cannot wear most types of armour.
((You are amphibious.))
You can wear up to eight rings at the same time.
((Your skin changes colour to match your surroundings (Stealth+).))
((Your rubbery body absorbs attacks. (AC +1, EV +1)))
((You are camouflaged when in or above water. (Stealth+)))
((You have tentacles for arms and can constrict up to eight enemies at once.))


Message History

Your base attributes are Str 13, Int 10, Dex 16.
Increase (S)trength, (I)ntelligence, or (D)exterity?
You feel agile. x2
You are engulfed in blazing flames.
* * * LOW HITPOINT WARNING * * *
Okay, then.
You are engulfed in blazing flames.
* * * LOW HITPOINT WARNING * * *
You are engulfed in blazing flames.
You barely miss the yak.
You are engulfed in blazing flames.
* * * LOW HITPOINT WARNING * * *
The yak gores you but does no damage.
You feel much better.
You are engulfed in blazing flames.
You puncture the yak!
The yak is moderately wounded.
You are engulfed in blazing flames.
Your transformation is almost over.
The yak gores you!
* * * LOW HITPOINT WARNING * * *
You puncture the yak!
The yak is severely wounded.
You are engulfed in blazing flames.
* * * LOW HITPOINT WARNING * * *
You barely miss the yak.
The yak is severely wounded.
You are engulfed in blazing flames.
The yak gores you but does no damage.
You puncture the yak!
The yak is almost dead.
You are engulfed in blazing flames.
You puncture the yak!
You kill the yak!
You are engulfed in blazing flames.
* * * LOW HITPOINT WARNING * * *
Your Fighting skill increases to level 6!
Okay, then.
Okay, then.
You are engulfed in blazing flames.
You are engulfed in blazing flames.
You die...
Your body crumbles into a pile of gold.

#...# #...## #)...##
##))...## ####
##§......# #..#
##§§.##....# ####
#..#####§§§## ##....
####..# #..#$§§§.## ..#
#....## ##..♣§.§§§§# ##
.....## ###..###§###.#
..♣...#####....#.....#.#
#......##......#..$..#.#
#####......##..#.._..#.#
##...#####.#.....#.#
##.## #.#....$#.# #.#
#..#######... $ #.#
#.....Y.Y....


There were no monsters in sight!

Vanquished Creatures
  Sigmund (D:2)
  4 yaks (D:6)
  Eustachio (D:5)
  A steam dragon (D:5)
  An ice beast (D:6)
  2 ogres
  2 vampire bats (D:3)
  2 jellies (D:5)
  An orc priest (D:6)
  A hound (D:5)
  2 sleepcaps
  Natasha (twice) (D:2)
  An orc wizard (D:6)
  12 adders
  2 river rats (Sewer)
  A white imp (D:5)
  An ufetubus (D:5)
  2 worms
  A dart slug (D:1)
  11 orcs
  4 bat zombies (D:3)
  5 endoplasms
  5 giant cockroaches
  11 goblins
  4 hobgoblins
  5 jackals (D:2)
  7 kobolds
  2 quokkas (D:1)
  9 ball pythons
  2 bats
  10 frilled lizards
  11 rats
126 creatures vanquished.

Notes
Turn   | Place    | Note
-------+----------+-------------------------------------------
     0 | D:1      | Ethylacetat the Octopode Gladiator began the quest for the
                  | Orb.
     0 | D:1      | Reached XP level 1. HP: 14/14 MP: 1/1
   166 | D:1      | Found a faded altar of an unknown god.
   416 | D:1      | Reached XP level 2. HP: 19/19 MP: 2/2
   762 | D:2      | Reached skill level 1 in Shapeshifting
   778 | D:2      | Reached XP level 3. HP: 25/25 MP: 3/3
   859 | D:2      | Noticed Sigmund
   869 | D:2      | Killed Sigmund
   870 | D:2      | Reached XP level 4. HP: 15/31 MP: 4/4
   870 | D:2      | Reached XP level 5. HP: 17/36 MP: 5/5
  1439 | D:2      | Found a hide-covered altar of Uskayaw.
  1477 | D:2      | Noticed Natasha
  1485 | D:2      | Killed Natasha
  1486 | D:2      | Reached XP level 6. HP: 17/42 MP: 6/6
  1607 | D:2      | Noticed Natasha
  1611 | D:2      | Killed Natasha
  2067 | D:3      | Found a basalt altar of Yredelemnul.
  2578 | D:3      | Found an ancient bone altar of Kikubaaqudgha.
  2768 | D:3      | Found a bloodstained altar of Trog.
  2953 | D:4      | Found a staircase to the Ecumenical Temple.
  2983 | Temple   | Entered the Ecumenical Temple
  3000 | Temple   | Became a worshipper of Gozag Ym Sagoz the Greedy
  3125 | D:4      | Found a glowing drain.
  3249 | Sewer    | Entered a sewer
  3431 | Sewer    | Reached XP level 7. HP: 43/48 MP: 7/7
  4110 | D:5      | Entered Level 5 of the Dungeon
  4270 | D:5      | Noticed a steam dragon
  4427 | D:5      | Found a snail-covered altar of Cheibriados.
  4445 | D:5      | Found an iron altar of Okawaru.
  4453 | D:5      | Killed a steam dragon
  4454 | D:5      | Reached skill level 5 in Short Blades
  4718 | D:5      | Noticed Eustachio
  4729 | D:5      | Killed Eustachio
  4743 | D:5      | Reached XP level 8. HP: 30/54 MP: 8/8
  4971 | D:5      | Reached skill level 5 in Shapeshifting
  5136 | D:5      | Found a broken altar of Ashenzari.
  5139 | D:5      | Found a radiant altar of Vehumet.
  5259 | D:5      | Learned a level 2 spell: Wereblood
  5269 | D:5      | Reached skill level 5 in Fighting
  5548 | D:6      | Found Serexkamm's Armour Boutique.
  5657 | D:6      | Got the Guide on Breath
  5887 | D:6      | Found a hide-covered altar of Uskayaw.
  5940 | D:6      | Noticed a yak
  5942 | D:6      | Noticed a yak
  5942 | D:6      | Noticed a yak
  5944 | D:6      | Noticed a yak
  5976 | D:6      | Killed a yak
  5978 | D:6      | Killed a yak
  5979 | D:6      | Killed a yak
  5980 | D:6      | Reached XP level 9. HP: 36/62 MP: 9/9
  5991 | D:6      | Engulfed by a cloud of flame

Illustrated notes

Levels and vault maps discovered:
D:1:      wander_arrival_desolate, layout_loops_cross,
          dreamdust_ecumenical_altar_angels_and_demons
D:2:      layout_loops_ring, basic_altar, grunt_decor_mini_mirrors,
          chequers_decorated_corner, uniq_natasha, uniq_sigmund
D:3:      layout_loops_ring, lightli_temple_of_fire, kennysheep_vampire_church,
          lemuel_crystal_altar, ebering_dispersal_statue_hall
D:4:      layout_rooms, minmay_temple_entry_ruins, cheibrodos_sewer_entry_bend,
          kennysheep_generic_room_14
D:5:      layout_basic, cheibriados_altar_1, kennysheep_okawaru_gauntlet,
          mainiacjoe_overflow_catwalk_spiral, uniq_eustachio
D:6:      layout_layer_cave, amcnicky_altar_gilded, serial_shops, shop,
          st_stairs_6, chequers_mini_garden, uniq_duvessa
Temple:   nicolae_temple_ecumenical_triangle

Skill      XL: |  1  2  3  4  5  6  7  8  9 |
---------------+----------------------------+-----
Shapeshifting  | 1 2 3 4 6 |  6.6
Fighting       | 3 4 5 6 |  6.0
Short Blades   | 4 5 6 |  6.5
Throwing       | |  2.0
Dodging        | |  3.0

Action                     |  1- 3 |  4- 6 |  7- 9 || total
---------------------------+-------+-------+-------++-------
  Melee: Rapier            |    48 |    20 |       ||    68
         Constrict         |    11 |    31 |    22 ||    64
         Tentacles         |    12 |    24 |    24 ||    60
         Dagger            |       |   108 |   136 ||   244
         Punch             |       |     1 |     1 ||     2
   Cast: Wereblood         |       |       |     2 ||     2
    Use: Potion            |       |       |     8 ||     8
         Scroll            |       |       |     8 ||     8
   Stab: Sleeping          |     9 |     9 |     3 ||    21
 Armour: Skin              |     2 |     7 |     8 ||    17
  Dodge: Dodged            |    29 |    75 |    80 ||   184

Table legend: (Time is in decaauts)
 A = Elapsed time spent in this place.
 B = Non-inter-level travel time spent in this place.
 C = Inter-level travel time spent in this place.
 D = Time resting spent in this place.
 E = Time spent auto-exploring this place.
 F = Levels seen in this place.
 G = Mean time per level.
                   A        B        C        D        E       F      G
               +--------+--------+--------+--------+--------+-----+--------+
         Total |   5953 |   5624 |    329 |    172 |   4450 |   8 |  744.1 |
       Dungeon |   5516 |   5219 |    297 |    172 |   4193 |   6 |  919.3 |
        Temple |     34 |      2 |     32 |      0 |      0 |   1 |   34.0 |
         Sewer |    402 |    402 |      0 |      0 |    257 |   1 |  402.0 |
               +--------+--------+--------+--------+--------+-----+--------+

Top non-repeatable levels by time:
     D:5: 1442 daAuts
     D:2: 1070 daAuts
     D:3: 1049 daAuts
     D:4: 769 daAuts
     D:1: 760 daAuts
     D:6: 424 daAuts
   Sewer: 402 daAuts
  Temple: 34 daAuts
